 Dungeon Sprint DCSS version 0.27-a0-972-gd1521fd518 (webtiles) character file.

Game seed: 12498746941366031351

1194 night the Destroyer (level 8, -4/74 HPs)
             Began as a Demigod Conjurer on Apr 9, 2021.
             Slain by Snorg (29 damage)
             ... in the Dungeon (Sprint III: "The Ten Rune Challenge") on Apr 13, 2021.
             The game lasted 00:04:28 (1227 turns).

night the Destroyer (Demigod Conjurer)              Turns: 1227, Time: 00:04:28

Health: -4/74      AC:  2    Str:  8    XL:     8   Next: 0%
Magic:  9/23       EV: 12    Int: 28    God:
Gold:   42         SH:  0    Dex: 14    Spells: 11/22 levels left

rFire    . . .     SeeInvis .   i - +1 long sword (holy)
rCold    . . .     Faith    .   (no shield)
rNeg     . . .     Spirit   .   a - +0 robe
rPois    .         Reflect  .   (helmet restricted)
rElec    .         Harm     .   (no cloak)
rCorr    .         Rampage  .   (no gloves)
Will     .....     NoTele   +   (no boots)
Stlth    ++........             (no amulet)
HPRegen  0.22/turn              (no ring)
MPRegen  0.18/turn              (no ring)

@: no status effects
A: high mp 1, forlorn, antennae 1, agile 1, sense surroundings 1
a: no special abilities


You were in the Dungeon.
You visited 1 branch You collected 42 gold pieces.

Inventory:

Hand Weapons
 i - a +1 long sword of holy wrath (weapon)
Armour
 a - a +0 robe (worn)
Scrolls
 b - a scroll of immolation
 h - a scroll of blinking
 l - a scroll of holy word
Potions
 c - a potion of curing
 d - 2 potions of heal wounds
 e - a potion of haste
 f - 2 potions of magic
 g - a potion of berserk rage
 j - a potion of attraction
 k - 3 potions of flight


   Skills:
 + Level 8.0 Fighting
 + Level 3.7 Long Blades
 - Level 1.7 Dodging
 - Level 1.7 Stealth
 + Level 7.6 Spellcasting
 * Level 11.8 Conjurations


You had 11 spell levels left.
You knew the following spells:

 Your Spells              Type           Power      Damage    Failure   Level
a - Magic Dart            Conj           100%       1d8       1%          1
b - Searing Ray           Conj           100%       3d7       1%          2
c - Fulminant Prism       Conj/Hex       21%        3d13      4%          4
d - Iskenderun's Mystic   Conj/Tloc      43%        2d10      4%          4

Your spell library contained the following spells:

 Spells                   Type           Power      Damage    Failure   Level
 Dazzling Flash           Conj/Hex       86%        N/A       1%          3
 Animate Skeleton         Necr           20%        N/A       4%          1
 Apportation              Tloc           20%        N/A       4%          1
 Corona                   Hex            11%        N/A       4%          1
 Summon Small Mammal      Summ           40%        N/A       4%          1


Dungeon Overview and Level Annotations

Branches:
Dungeon (1/1)

Annotations:
D Snorg


Innate Abilities, Weirdness & Mutations

Your attributes grow dramatically as you level up.
You have an increased reservoir of magic. (+10% MP)
You shall have no god before yourself.
You have a pair of small antennae on your head.
You are agile. (Dex +2)
You passively map a small area around you.


Message History

There is an open door here.
There is an open door here.
You open the door.
There is an open door here.
Snorg the Insatiable comes into view.
Snorg goes berserk!
Casting: Iskenderun's Mystic Blast (dangerous; 4% risk of failure)
Confirm with . or Enter, or press ? or * to list all spells.
You can't see any susceptible monsters within range! (Use Z to cast anyway.) Unknown command.
You enter the shallow water.
Moving in this stuff is going to be slow.
Casting: Iskenderun's Mystic Blast (dangerous; 4% risk of failure)
Confirm with . or Enter, or press ? or * to list all spells.
You erupt in a blast of force!
The mystic blast hits Snorg!
Snorg is lightly wounded.
Snorg is knocked back by the mystic blast.
Casting: Iskenderun's Mystic Blast (dangerous; 4% risk of failure)
Confirm with . or Enter, or press ? or * to list all spells.
You erupt in a blast of force!
The mystic blast hits Snorg!
Snorg is lightly wounded.
Snorg bites you! Snorg claws you. Snorg closely misses you.
Casting: Iskenderun's Mystic Blast (dangerous; 4% risk of failure)
Confirm with . or Enter, or press ? or * to list all spells.
You erupt in a blast of force!
The mystic blast hits Snorg.
Snorg is lightly wounded.
Snorg is knocked back by the mystic blast.
Casting: Iskenderun's Mystic Blast (dangerous; 4% risk of failure)
Confirm with . or Enter, or press ? or * to list all spells.
Aiming: Searing Ray (safe; 1% risk of failure)
Press: ? - help, Shift-Dir - straight line, f - Snorg
Aim: Snorg (black smoke, lightly wounded, berserk, 17% to evade)
The searing ray hits Snorg!!
Snorg is moderately wounded. (Press . to maintain the ray.) Snorg bites you!
Snorg claws you. Snorg claws you!!
The searing ray hits Snorg!
Snorg is heavily wounded.
Snorg bites you!!
You die...

♣.############
♣♣.#___#___#__#
, * ,
♣..#...#__.#)_#
, *
♣..###'#)###÷##
,,,, * ,
♣..#..........#
, ,
♣..'.⌠........#
, ,*
...#...######'#
* ...#.⌠.#
#...#+#####
...#...#
#...#§@T§≈+
...#'###
#...#§#§§§#, ,
...#..:#
#...'.#§§§# *,
, ...#___#
_+...#.#...# ,*
, ▓▓▓▓▓▓▓▓
▓▓▓▓▓▓▓▓▓▓▓ * ,
* ** ≈ , ,≈ ,
*,≈ ≈ **+ ≈ ≈ ,
≈ ****** * * **
*


You could see Snorg (berserk).

Vanquished Creatures
  A deep elf pyromancer (D)
  A shadow (D)
  A necrophage (D)
  A scorpion (D)
  A water elemental (D)
  A jelly (D)
  Jessica (D)
  A wizard (D)
  A necromancer (D)
  3 humans (D)
  A kobold demonologist (D)
  3 rats (D)
  A fulminant prism (D)
17 creatures vanquished.

Vanquished Creatures (others)
  4 fulminant prisms (D)
4 creatures vanquished.

Grand Total: 21 creatures vanquished

Notes
Turn   | Place    | Note
-------+----------+-------------------------------------------
     0 | D        | night the Demigod Conjurer began the quest for the Orb.
     0 | D        | Reached XP level 1. HP: 14/14 MP: 5/5
     4 | D        | Reached skill level 2 in Spellcasting
    33 | D        | Reached skill level 4 in Conjurations
    53 | D        | Noticed Jessica
    57 | D        | Killed Jessica
    58 | D        | Reached skill level 2 in Fighting
    58 | D        | Reached skill level 5 in Conjurations
    58 | D        | Reached XP level 2. HP: 25/25 MP: 1/8
   122 | D        | Learned a level 2 spell: Searing Ray
   145 | D        | Reached XP level 3. HP: 30/30 MP: 0/10
   223 | D        | Noticed a scorpion
   229 | D        | Killed a scorpion
   230 | D        | Reached skill level 7 in Conjurations
   230 | D        | Reached XP level 4. HP: 40/40 MP: 3/13
   318 | D        | Upgraded the game from 0.27-a0-920-gb2bd10914a to
                  | 0.27-a0-972-gd1521fd518
   323 | D        | Gained mutation: You are agile. (Dex +2) [potion of
                  | mutation]
   323 | D        | Gained mutation: You have a pair of small antennae on your
                  | head. [potion of mutation]
   323 | D        | Gained mutation: You passively map a small area around you.
                  | [potion of mutation]
   341 | D        | Noticed a water elemental
   348 | D        | Learned a level 4 spell: Fulminant Prism
   353 | D        | Learned a level 4 spell: Iskenderun's Mystic Blast
   385 | D        | Killed a water elemental
   386 | D        | Reached XP level 5. HP: 21/47 MP: 1/15
   585 | D        | Noticed a deep elf pyromancer
   588 | D        | Noticed a fire elemental
   592 | D        | Noticed a fire elemental
   592 | D        | Noticed a fire elemental
   593 | D        | Killed a deep elf pyromancer
   594 | D        | Reached skill level 10 in Conjurations
   594 | D        | Reached XP level 6. HP: 35/58 MP: 5/19
   715 | D        | Noticed a human
   715 | D        | Noticed a human
   721 | D        | Killed a human
   722 | D        | Reached skill level 1 in Long Blades
   722 | D        | Reached skill level 11 in Conjurations
   722 | D        | Reached XP level 7. HP: 58/66 MP: 8/21
   722 | D        | Killed a human
   723 | D        | Reached skill level 2 in Long Blades
   937 | D        | Noticed a shadow
   948 | D        | Killed a shadow
  1149 | D        | Reached XP level 8. HP: 67/74 MP: 14/23
  1220 | D        | Noticed Snorg
  1227 | D        | Slain by Snorg

Illustrated notes

Levels and vault maps discovered:
D:        dungeon_sprint_mu [sprint_mu_entry_forest, sprint_mu_temple_rooms,
          sprint_mu_d1_horrors, sprint_mu_d2_genie, sprint_mu_d3_branching,
          sprint_mu_orc_legion, sprint_mu_elf_gauntlet, sprint_mu_hive_nellie,
          sprint_mu_lair_fedhas, sprint_mu_vaults_butterflies,
          sprint_mu_slime_circle, sprint_mu_swamp_cave, sprint_mu_shoals_kraken,
          sprint_mu_blade_basic, sprint_mu_crypt_fortress,
          sprint_mu_tomb_spiral, sprint_mu_vestibule_basic,
          sprint_mu_gehenna_hellfire, sprint_mu_dis_giant,
          sprint_mu_tartarus_statrot, sprint_mu_cocytus_islands, sprint_mu_zot1]

Skill      XL: |  1  2  3  4  5  6  7 |
---------------+----------------------+-----
Spellcasting   | 3 4 6 7 |  7.6
Conjurations   | 5 7 10 11 | 11.8
Fighting       | 2 3 4 6 7 8 |  8.0
Long Blades    | 1 3 |  3.7
Dodging        | |  1.7
Stealth        | |  1.7

Action                   |  1- 3 |  4- 6 |  7- 9 || total
-------------------------+-------+-------+-------++-------
Melee: Unarmed           |       |     2 |       ||     2
       Long sword        |       |     2 |     2 ||     4
 Cast: Magic Dart        |    13 |     1 |       ||    14
       Searing Ray       |     2 |     3 |     4 ||     9
       Fulminant Prism   |       |     4 |     1 ||     5
       Iskenderun's Myst |       |     2 |     5 ||     7
  Use: Scroll            |       |     3 |       ||     3
       Potion            |       |     1 |       ||     1
Armor: Robe              |       |       |     1 ||     1
Dodge: Dodged            |     1 |     4 |     2 ||     7

Table legend: (Time is in decaauts)
 A = Elapsed time spent in this place.
 B = Non-inter-level travel time spent in this place.
 C = Inter-level travel time spent in this place.
 D = Time resting spent in this place.
 E = Time spent auto-exploring this place.
 F = Levels seen in this place.
 G = Mean time per level.
                   A        B        C        D        E       F      G
               +--------+--------+--------+--------+--------+-----+--------+
         Total |   1230 |   1230 |      0 |    302 |    765 |   1 | 1230.0 |
       Dungeon |   1230 |   1230 |      0 |    302 |    765 |   1 | 1230.0 |
               +--------+--------+--------+--------+--------+-----+--------+

Top non-repeatable levels by time:
       D: 1230 daAuts
